 Dungeon Crawl Stone Soup version 0.30.1-11-g7821555f0a (webtiles) character file.

Game seed: 58870354723533411

1408 Bronimir the Firebug (level 8, -1/53 HPs)
             Began as a Demonspawn Fire Elementalist on Aug 6, 2023.
             Slain by a killer bee (4 damage)
             ... on level 7 of the Dungeon on Dec 1, 2023.
             The game lasted 00:25:51 (5689 turns).

Bronimir the Firebug (Demonspawn Fire Elementalist) Turns: 5689, Time: 00:25:52

Health: -1/53      AC:  7    Str:  8    XL:     8   Next: 42%
Magic:  1/15       EV: 20    Int: 23    God:
Gold:   318        SH:  0    Dex: 12    Spells: 6/17 levels left

rFire   . . .        s - +2 scythe (heavy)
rCold   . . .        (shield currently unavailable)
rNeg    . . .        v - +0 ring mail
rPois   .            (helmet restricted)
rElec   .            h - +0 cloak
rCorr   .            i - +0 pair of gloves
SInv    .            (no boots)
Will    .....        (no amulet)
Stlth   +            m - +5 ring of evasion
HPRegen 0.28/turn    B - +5 ring of evasion
MPRegen 0.14/turn

%: no passive effects
@: lethally poisoned (-1 -> -10)
A: demonic guardian 2, powered by pain 1, weakness stinger 2, antennae 1, clever
1
a: no special abilities


You were on level 7 of the Dungeon.
You visited 1 branch of the dungeon, and saw 7 of its levels.

You collected 318 gold pieces.

Inventory:

Hand Weapons
 o - a +0 shortbow
 s - a +2 heavy scythe (weapon)
 u - a +4 whip of electrocution
 C - a +1 flail of protection
Missiles
 f - 6 poisoned darts
Armour
 h - a +0 cloak (worn)
 i - a +0 pair of gloves (worn)
 p - a +1 robe of cold resistance
 v - a +0 ring mail (worn)
Jewellery
 a - a ring of magical power
 c - a ring of flight
 m - a +5 ring of evasion (left hand)
 q - a ring of protection from fire
 y - a ring of resist corrosion
 B - a +5 ring of evasion (right hand)
Wands
 k - a wand of flame (32)
Scrolls
 D - a scroll of identify
Potions
 b - a potion of magic
 e - a potion of mutation
 j - 2 potions of might {unknown}
 l - a potion of lignification {unknown}
 n - a potion of cancellation
 r - a potion of brilliance
 t - a potion of berserk rage {unknown}
 w - a potion of ambrosia {unknown}
 x - 2 potions of curing
 A - a potion of haste {unknown}


   Skills:
 + Level 0.9 Fighting
 + Level 1.1 Short Blades
 + Level 0.5 Maces & Flails
 * Level 0.5 Polearms
 * Level 2.3 Armour
 + Level 2.5 Dodging
 - Level 1.7 Stealth
 + Level 5.0 Spellcasting
 + Level 3.4 Conjurations
 * Level 0.4 Necromancy
 * Level 6.6 Fire Magic
 + Level 2.2 Evocations


You had 6 spell levels left.
You knew the following spells:

 Your Spells              Type           Power      Damage    Failure   Level
a - Foxfire               Conj/Fire      100%       2x1d9     3%          1
b - Scorch                Fire           72%        2d8       2%          2
c - Volatile Blastmotes   Fire/Tloc      40%        2d13      22%         3
d - Necrotise             Necr           28%        1d5       24%         1
e - Flame Wave            Conj/Fire      28%        2d9       34%         4

Your spell library contained the following spells:

 Spells                   Type           Power      Damage    Failure   Level
 Inner Flame              Hex/Fire       20%        N/A       22%         3
 Vampiric Draining        Necr           7%         2d6       56%         3
 Animate Dead             Necr           7%         N/A       93%         4
 Agony                    Necr           7%         N/A       100%        5
 Borgnjor's Vile Clutch   Necr/Erth      3%         N/A       100%        5
 Death Channel            Necr           3%         N/A       100%        6


Dungeon Overview and Level Annotations

Branches:
Dungeon (7/15)
 Temple: D:4-7

Altars:
Ashenzari
Dithmenos
Hepliaklqana
Trog
Xom

Shops:
D:3 :

Annotations:
D:6 Pikel


Innate Abilities, Weirdness & Mutations

A demonic guardian rushes to your aid.
You sometimes gain a little power by taking damage.
You have a tail ending in a sharp stinger.
You have a pair of small antennae on your head.
Your mind is acute. (Int +4, Str/Dex -1)


Message History

The adder closely misses you. The killer bee misses you. The gnoll misses you.
The white imp hits you but does no damage.
The gnoll misses you. The gnoll completely misses you.
The howler monkey hoots and howls with incredible vigour!
The adder misses you. The killer bee barely misses you.
You hear a croak.
You hear a shout! x2
You slash the gnoll bouda!
The gnoll bouda is moderately wounded.
Your attacks no longer feel as feeble.
The killer bee stings you but does no damage.
The killer bee barely misses you. x3; The adder completely misses you.
The howler monkey hits you.
* * * LOW HITPOINT WARNING * * *
A demonic guardian appears!
The gnoll barely misses you. The white imp barely misses you.
The gnoll barely misses you.
The gnoll hits you from afar with a +0 halberd.
* * * LOW HITPOINT WARNING * * *
The killer bee completely misses you. The killer bee barely misses you.
The adder bites you but does no damage.
The howler monkey completely misses you.
The gnoll bouda barely misses you.
The gnoll hits you from afar with a +0 spear.
* * * LOW HITPOINT WARNING * * *
The white imp gestures at you. The puff of frost misses you.
The puff of frost hits the killer bee!
The gnoll closely misses you. The gnoll completely misses you.
The killer bee misses you. The adder completely misses you.
The howler monkey misses you.
You hit the gnoll bouda.
The gnoll bouda is heavily wounded.
The killer bee stings you.
* * * LOW HITPOINT WARNING * * *
You are lethally poisoned!
The killer bee poisons you! The killer bee misses you.
The killer bee stings your orange demon.
Your orange demon is poisoned.
The killer bee poisons your orange demon!
The killer bee barely misses you. The killer bee misses you.
The adder misses you. The killer bee stings you.
You die...

#........ .......##
........# [..:...##
^.......# .##
###gg.....#
....#4gg5###..#
....yyy@##...###
.##...yhSgo....#
.......#5o....##
......###......##...
...=.. #...<.....:.#
....................#
.........#.......#..#
..#.#..####......# ..
##.$ .. ......... .


You could see a lemure, a gnoll bouda, a howler monkey, 4 killer bees, 4 gnolls,
an adder, a white imp, 2 orcs and a friendly orange demon (summoned, very
poisoned).

Vanquished Creatures
  Sigmund (D:5)
  Edmund (D:5)
  An ogre (D:5)
  An ice beast (D:5)
  A bullfrog (D:6)
  2 scorpions (D:5)
  A howler monkey (D:7)
  3 jellies
  A hound (D:4)
  2 iguanas (D:5)
  2 orc wizards
  4 gnolls
  6 adders
  4 worms
  3 dart slugs
  14 orcs
  3 bats (D:2)
  7 endoplasms
  4 giant cockroaches
  6 goblins
  6 hobgoblins
  4 jackals (D:2)
  2 quokkas
  5 ball pythons
  6 frilled lizards
  6 kobolds
  4 rats
  A spectral hobgoblin (D:3)
101 creatures vanquished.

Vanquished Creatures (collateral kills)
  Duvessa (D:5)
  A centaur (D:5)
  Dowan (D:5)
  2 orc priests (D:3)
  A white imp (D:5)
  An ufetubus (D:5)
  2 orcs (D:3)
  An endoplasm (D:1)
  2 hobgoblins
  A frilled lizard (D:1)
13 creatures vanquished.

Vanquished Creatures (others)
  43 foxfires
43 creatures vanquished.

Grand Total: 157 creatures vanquished

Notes
Turn   | Place    | Note
-------+----------+-------------------------------------------
     0 | D:1      | Bronimir the Demonspawn Fire Elementalist began the quest
                  | for the Orb.
     0 | D:1      | Reached XP level 1. HP: 13/13 MP: 3/3
   374 | D:1      | Upgraded the game from 0.30.1-3-gfc49f6343a to
                  | 0.30.1-11-g7821555f0a
   593 | D:1      | Gained mutation: A weak demonic guardian rushes to your
                  | aid. [demonic ancestry]
   593 | D:1      | Reached XP level 2. HP: 19/19 MP: 1/5
   807 | D:1      | Reached skill level 3 in Fire Magic
   892 | D:1      | Learned a level 2 spell: Scorch
  1258 | D:2      | Reached XP level 3. HP: 24/24 MP: 2/6
  1682 | D:2      | Gained mutation: A demonic guardian rushes to your aid.
                  | [demonic ancestry]
  1682 | D:2      | Reached XP level 4. HP: 30/30 MP: 0/8
  2438 | D:3      | Found a hazy altar of Hepliaklqana.
  2703 | D:3      | Reached skill level 4 in Fire Magic
  2703 | D:3      | Gained mutation: You sometimes gain a little power by
                  | taking damage. [demonic ancestry]
  2703 | D:3      | Reached XP level 5. HP: 20/36 MP: 9/9
  2718 | D:3      | Reached skill level 1 in Short Blades
  2798 | D:3      | Gained mutation: You have a pair of small antennae on your
                  | head. [potion of mutation]
  2798 | D:3      | Gained mutation: Your mind is acute. (Int +4, Str/Dex -1)
                  | [potion of mutation]
  2955 | D:3      | Learned a level 3 spell: Volatile Blastmotes
  3022 | D:3      | Found Yzunocri's Vocational Training.
  3553 | D:4      | Found a shimmering altar of Xom.
  3772 | D:4      | Reached XP level 6. HP: 34/42 MP: 0/11
  3918 | D:4      | Found a bloodstained altar of Trog.
  4203 | D:5      | Entered Level 5 of the Dungeon
  4398 | D:5      | Noticed an ice beast
  4407 | D:5      | Killed an ice beast
  4408 | D:5      | Reached skill level 1 in Evocations
  4570 | D:5      | Reached skill level 5 in Fire Magic
  4570 | D:5      | Gained mutation: You have a small tail. [demonic ancestry]
  4570 | D:5      | Reached XP level 7. HP: 47/47 MP: 8/13
  4683 | D:5      | Reached skill level 1 in Armour
  4712 | D:5      | Noticed Duvessa
  4712 | D:5      | Noticed Dowan
  4808 | D:5      | Killed Duvessa
  4818 | D:5      | Killed Dowan
  4870 | D:5      | Noticed Sigmund
  4878 | D:5      | Killed Sigmund
  4879 | D:5      | Reached skill level 6 in Fire Magic
  4949 | D:5      | Noticed Edmund
  4959 | D:5      | Killed Edmund
  4960 | D:5      | Gained mutation: You have a tail ending in a sharp stinger.
                  | [demonic ancestry]
  4960 | D:5      | Reached XP level 8. HP: 43/53 MP: 2/15
  5402 | D:5      | Found a shadowy altar of Dithmenos.
  5402 | D:5      | Found a broken altar of Ashenzari.
  5594 | D:5      | Learned a level 1 spell: Necrotise
  5599 | D:5      | Learned a level 4 spell: Flame Wave
  5621 | D:6      | Noticed Pikel
  5652 | D:6      | Reached skill level 5 in Spellcasting
  5689 | D:7      | Slain by a killer bee

Illustrated notes

Levels and vault maps discovered:
D:1:      elethiomel_arrival_shortcut, layout_basic
D:2:      layout_loops_ring
D:3:      layout_rooms, nicolae_hepliaklqana_monster_ancestors,
          dreamdust_mushroom_princess, nicolae_shop_vocational
D:4:      layout_cave_pools, general_overflow_altar, tgw_xom,
          trog_three_pillars_becter
D:5:      layout_cave_pools, nicolae_overflow_hidden_temple,
          sigmund_edmund_badplayer, uniq_duvessa
D:6:      layout_rooms, mainiacjoe_overflow_small_starburst,
          nicolae_vehumet_altar_sigil, minmay_temple_entry_stoned_glass,
          uniq_pikel
D:7:      layout_cave_pools, enter_ossuary_4, uniq_joseph, uniq_maggie

Skill      XL: |  1  2  3  4  5  6  7  8 |
---------------+-------------------------+-----
Dodging        | 2 |  2.5
Fire Magic     | 3 4 5 6 |  6.6
Spellcasting   | 3 4 5 |  5.0
Short Blades   | 1 |  1.1
Conjurations   | 2 3 |  3.4
Evocations     | 1 2 |  2.2
Armour         | 1 2 |  2.3
Fighting       | |  0.9
Maces & Flails | |  0.5
Polearms       | |  0.5
Stealth        | |  1.7
Necromancy     | |  0.4

Action                     |  1- 3 |  4- 6 |  7- 9 || total
---------------------------+-------+-------+-------++-------
  Melee: Unarmed           |    26 |       |       ||    26
         Dagger            |    27 |    34 |       ||    61
         Whip              |     7 |    33 |       ||    40
         Halberd           |       |       |    11 ||    11
         Tailslap          |       |       |     2 ||     2
   Cast: Foxfire           |    35 |       |     3 ||    38
         Scorch            |    15 |    50 |    36 ||   101
         Volatile Blastmot |       |     1 |       ||     1
  Evoke: Wand              |       |       |     3 ||     3
    Use: Potion            |     1 |     3 |     1 ||     5
         Scroll            |       |       |     7 ||     7
   Stab: Sleeping          |       |     3 |       ||     3
 Armour: Robe              |    23 |     7 |       ||    30
         Ring mail         |       |    12 |    25 ||    37
  Dodge: Dodged            |    87 |    48 |   119 ||   254
